Evike, neutral female human Valkyrie ------ ----- --....| ---...--- ....<.| |.......| # |.....| |...<...| ########-../... |...(...| # # |....-- |...{....## # ------### -+---?-+-################# )####### # # ## # # #= # # +# # # =###############[########### ### # # #----.--B# --+-.-------# #|.....|@ |....).....+# #|.....-# |..........| #-.....| |..........| |.....| ------------ ------- Evike the Fighter Experience level: 7 Strength: 18/01 Dexterity: 13 Constitution: 18 Intelligence: 10 Wisdom: 8 Charisma: 7 Health: 0(81) Energy: 26(26) Def: 16 Gold: 750 Moves: 2101 Dungeon seed: p5CLsB-JuMbNXXqh Game ID: Evike_1588167138 Your Inventory: Coins $ - 750 gold pieces Weapons a - an uncursed +2 war hammer (weapon in hand) b - an uncursed +0 dagger B - an uncursed +0 dagger F - a blessed +2 dwarvish short sword G - 4 uncursed +0 elven arrows I - an uncursed +0 elven short sword J - a blessed +0 flail M - a blessed +4 elven dagger named Dagger of Virtue Armor e - an uncursed +3 small shield (being worn) n - an uncursed +0 pair of speed boots (being worn) q - an uncursed +0 bronze plate mail (being worn) y - a blessed +1 orcish helm (being worn) N - a cursed +0 mummy wrapping Comestibles d - 2 uncursed food rations i - 2 uncursed eggs C - 2 uncursed melons L - an uncursed cram ration Scrolls s - 2 uncursed scrolls of light T - an uncursed scroll of water Potions R - 2 uncursed potions of hallucination U - an uncursed potion of oil Rings o - an uncursed ring of cold resistance (on left hand) S - a cursed -1 ring of adornment Wands c - an uncursed wand of cold (0:4) v - an uncursed wand of lightning (0:4) Tools f - an uncursed oil lamp (0:1455) h - an uncursed blindfold P - an uncursed +0 unicorn horn Gems r - an uncursed worthless piece of yellowish brown glass z - an uncursed worthless piece of blue glass Spells and supernatural/magical abilities: Name Level Category Fail Memory W - pray for help -- divine ? -- Your skills at the end: Miscellaneous Skills shield [Basic] wands [Basic] Weapon Skills dagger [Basic] hammer [Basic] Spellcasting Skills Final Attributes: You were devoutly aligned. You were cold resistant. You were hallucinating. You could fly. You were very fast. You are dead. Vanquished creatures: a tiger a gelatinous cube a lynx a mumak a dwarf mummy a white unicorn a dust vortex a Woodland-elf 4 Mordor orcs a rock piercer a violet fungus 2 gray oozes an elf zombie 3 giant ants a puppy a kitten 2 dwarves a kobold lord a kobold shaman 2 iguanas 7 rothes a giant bat a gas spore a hobbit an acid blob 6 geckos a hobgoblin 4 yellow molds 3 garter snakes 7 jackals 2 kobolds 4 newts a goblin 5 sewer rats 7 grid bugs a kobold zombie and a partridge in a pear tree 80 creatures vanquished. Voluntary challenges: You did not cause conflict. You were not invisible. You did not have reflection. You were not displaced. You were an atheist. You used a wielded weapon 130 times, starting on turn 59. You did not use tools. You did not use plumbed fixtures. You read items or engraved 7 times, starting on turn 680. You never genocided any monsters. You never polymorphed an object. You never changed form. You used no wishes. You never split a pudding. You never wrote Elbereth's name. You violated your moral code, losing 1 point of alignment, starting on turn 1687. Dungeon overview: The Dungeons of Doom: levels 1 to 10 Level 1 a fountain a long staircase Level 2 a general store a long staircase Level 3 Level 4 a fountain Level 5 a fountain Level 6 a fountain Level 7 a fountain Level 8 a fountain Level 9 many fountains Level 10 <- You were here a fountain a long staircase History has recorded: On T:1 you entered the Dungeons of Doom to retrieve the Amulet of Yendor! On T:181 you reached level 2 of The Dungeons of Doom. On T:457 you reached level 3 of The Dungeons of Doom. On T:478 you advanced to experience level 2. On T:521 you reached level 4 of The Dungeons of Doom. On T:567 you advanced to experience level 3. On T:638 you reached level 5 of The Dungeons of Doom. On T:828 you advanced to experience level 4. On T:849 you reached level 6 of The Dungeons of Doom. On T:1143 you reached level 7 of The Dungeons of Doom. On T:1170 you advanced to experience level 5. On T:1186 you reached level 8 of The Dungeons of Doom. On T:1433 you advanced to experience level 6. On T:1476 you reached level 9 of The Dungeons of Doom. On T:1943 you reached level 10 of The Dungeons of Doom. On T:1965 you advanced to experience level 7. Score breakdown: Gold: 750 ( 75 points) Experience: 7 levels ( 600 points) Exploration: 10 levels ( 270 points) Discoveries: 14 items ( 700 points) Variety of kills: 36 monsters ( 1800 points) Major goal: (nothing yet) ( 0 points) Survival: died (score multiplied by 3) Total score: 10335 Latest messages: You see a flagon shatter! A carrot is pulped! You don't find anything here to loot. There are a few objects here. (2x) There isn't space to move around the boulder. (7x) You kill the quasit! V - a dark potion. Your legs get new energy. (You can name a dark potion from the item naming menu.) You kill the black naga hatchling! You see here a gecko corpse. This gecko corpse tastes terrible! You finish eating the gecko corpse. The door opens. (2x) A monoton blocks your way. You serenade the black dragon! As you meet its deep, meaningful gaze, you feel its suffering as though it were your own. You edify the rat-ant! As you meet its deep, meaningful gaze, you feel its suffering as though it were your own. You die... Final status: Farvel Evike the Valkyrie, killed by vicarious suffering... You died in The Dungeons of Doom on dungeon level 10 with 10335 points, and 750 pieces of gold, after 2101 moves. You were level 7 with a maximum of 81 hit points when you died.